 Dungeon Crawl Stone Soup version 0.31-a0-214-gb37851dbb3 (webtiles) character file.

Game seed: 3592113872728987557

35 qw the Shooter (level 3, -1/21 HPs)
             Began as a Gargoyle Hexslinger on July 1, 2023.
             Slain by Sigmund
             ... wielding a +0 scythe
              (6 damage)
             ... on level 2 of the Dungeon.
             The game lasted 00:00:25 (783 turns).

qw the Shooter (Gargoyle Hexslinger)                 Turns: 783, Time: 00:00:25

Health: -1/21      AC:  6    Str: 11    XL:     3   Next: 35%
Magic:  4/4        EV: 12    Int: 13    God:
Gold:   60         SH:  0    Dex: 14    Spells: 3/4 levels left

rFire   . . .        Y - +1 sling
rCold   . . .        (no shield)
rNeg    + . .        c - +0 robe
rPois   inf          (no helmet)
rElec   +            (no cloak)
rCorr   .            g - +0 pair of gloves
SInv    .            (no boots)
Will    .....        (no amulet)
Stlth   +            (no ring)
HPRegen 0.23/turn    (no ring)
MPRegen 0.09/turn

%: no passive effects
@: confused
A: sickness immunity, AC +3, negative energy resistance 1, electricity
resistance, torment resistance 1, petrification resistance
a: no special abilities


You were on level 2 of the Dungeon.
You visited 1 branch of the dungeon, and saw 2 of its levels.

You collected 60 gold pieces.


Innate Abilities, Weirdness & Mutations

You are immune to sickness and miasma.
Your stone body is resilient. (AC +3)
You are immune to poison.
You resist negative energy. (rN+)
You are resistant to electric shocks. (rElec)
You are resistant to unholy torment.
You are immune to petrification.


   Skills:
 - Level 2.0 Fighting
 + Level 3.3 Ranged Weapons
 - Level 1.5 Dodging
 - Level 1.0 Spellcasting
 - Level 2.6 Hexes


You had 3 spell levels left.
You knew the following spells:

 Your Spells              Type           Power      Damage    Failure   Level
a - Slow                  Hex            28%        N/A       10%         1

Your spell library contained the following spells:

 Spells                   Type           Power      Damage    Failure   Level
 Inner Flame              Hex/Fire       4%         N/A       43%         3
 Portal Projectile        Hex/Tloc       8%         N/A       43%         3
 Cause Fear               Hex            3%         N/A       67%         4

Inventory:

Hand Weapons
 Y - a +1 sling (weapon)
Armour
 c - a +0 robe (worn)
 g - a +0 pair of gloves (worn)
Potions
 d - a potion of enlightenment
 e - a potion of brilliance {unknown}

Dungeon Overview and Level Annotations

Branches:
Dungeon (2/15)

Altars:

Annotations:
D:2 Sigmund


Message History

Sigmund the Dreaded comes into view.
He is wielding a +0 scythe.
Sigmund shouts!
You shoot a sling bullet. The sling bullet barely misses Sigmund.
You shoot a sling bullet.
The sling bullet closely misses Sigmund.
You shoot a sling bullet. The sling bullet hits Sigmund.
Sigmund is lightly wounded.
You shoot a sling bullet. The sling bullet hits Sigmund.
Sigmund is lightly wounded.
Sigmund gestures at you while chanting. The puff of flame hits you!
You shoot a sling bullet. The sling bullet hits Sigmund.
Sigmund is moderately wounded.
Sigmund hits you but does no damage.
You shoot a sling bullet. The sling bullet hits Sigmund.
Sigmund is heavily wounded.
Sigmund casts a spell at you.
You are confused.
Sigmund hits you from afar with a +0 scythe!
767 ||| DRINKING potion of heal wounds.
You feel much better. Sigmund hits you but does no damage.
Sigmund hits you but does no damage. Sigmund casts a spell at you.
You are more confused.
Sigmund points at you and mumbles some strange words.
You are more confused.
Sigmund gestures at you while chanting.
You are more confused.
Sigmund gestures at you while chanting. The puff of flame hits you!
Ouch! That really hurt!
Sigmund closely misses you.
Sigmund points at you and mumbles some strange words.
You are more confused.
Sigmund hits you from afar with a +0 scythe.
Sigmund hits you from afar with a +0 scythe.
Sigmund closely misses you. Sigmund hits you but does no damage.
Sigmund hits you from afar with a +0 scythe.
You die...

#### #..
###.### #.###
#...<.#
.....?#.#.#.###
.....@.@......#
#.#####.#.#.#%#
#.....#.#
###.###.# #.#
.# #.# .# #.#
.# #.# .#


You could see Sigmund.

Vanquished Creatures
  A worm (D:2)
  A dart slug (D:1)
  4 ball pythons
  An endoplasm (D:1)
  2 giant cockroaches (D:1)
  3 goblins (D:1)
  2 hobgoblins (D:1)
  3 kobolds (D:1)
  2 quokkas (D:1)
  4 bats (D:1)
  2 frilled lizards (D:1)
  2 rats (D:1)
27 creatures vanquished.

Notes
Turn   | Place    | Note
-------+----------+-------------------------------------------
     0 | D:1      | qw the Gargoyle Hexslinger began the quest for the Orb.
     0 | D:1      | Reached XP level 1. HP: 12/12 MP: 2/2
     0 | D:1      | 0 ||| qw: Version: 0.3-a-32-g5962c71
     0 | D:1      | 0 ||| qw: Game counter: 7575
     0 | D:1      | 0 ||| qw: Melee chars always use a shield: true
     0 | D:1      | 0 ||| qw: God list: Okawaru
     0 | D:1      | 0 ||| qw: Allow faded altars: false
     0 | D:1      | 0 ||| qw: Do Orc after clearing Dungeon:15 true
     0 | D:1      | 0 ||| qw: Do second Lair branch before Depths: true
     0 | D:1      | 0 ||| qw: Lair rune preference: random
     0 | D:1      | 0 ||| qw: Goals: Normal
     0 | D:1      | 0 ||| PLANNING D:1-11
   180 | D:1      | Reached XP level 2. HP: 16/16 MP: 3/3
   229 | D:1      | Reached skill level 3 in Ranged Weapons
   498 | D:1      | Reached XP level 3. HP: 21/21 MP: 4/4
   692 | D:1      | 692 ||| UPGRADING to +0 pair of gloves.
   697 | D:1      | 697 ||| READING scroll labelled JIMYFY QUSHRAWUI.
   698 | D:1      | 698 ||| READING scroll labelled TOANEQAZ YXOA.
   699 | D:1      | 699 ||| READING scroll labelled UTAHI HUESK.
   700 | D:1      | 700 ||| DRINKING 2 murky ruby potions.
   701 | D:1      | 701 ||| DRINKING 2 golden potions.
   702 | D:1      | 702 ||| DROPPING scroll of poison.
   759 | D:2      | Noticed Sigmund
   766 | D:2      | HP: 4/21 [Sigmund/+0 scythe (8)]
   767 | D:2      | 767 ||| DRINKING potion of heal wounds.
   778 | D:2      | HP: 4/21 [Sigmund/+0 scythe (2)]
   783 | D:2      | Slain by Sigmund

Levels and vault maps discovered:
D:1:      minmay_arrival_open_corners, layout_loops_ring, glass_columns_c
D:2:      layout_loops_ring, uniq_jessica, uniq_sigmund

Skill      XL: |  1  2 |
---------------+-------+-----
Ranged Weapons | 3 |  3.3
Fighting       | 2 |  2.0
Dodging        | |  1.5
Spellcasting   | |  1.0
Hexes          | |  2.6

Action                     || total
---------------------------++-------
   Fire: Sling             ||   104
    Use: Scroll            ||     3
         Potion            ||     3
 Armour: Robe              ||    16
  Dodge: Dodged            ||    23

Table legend:
 A = Non-vault XP
 B = Vault XP
 C = Vault XP percentage of total XP
 D = Non-vault monster count
 E = Vault monster count
 F = Vault count percentage of total count
                 A         B        C        D         E       F
            +---------+---------+-------+---------+---------+-------
      Total |      51 |       0 |   0.0 |      27 |       0 |   0.0
            +---------+---------+-------+---------+---------+-------
        D:1 |      44 |       0 |   0.0 |      25 |       0 |   0.0
        D:2 |       7 |       0 |   0.0 |       2 |       0 |   0.0
            +---------+---------+-------+---------+---------+-------
